 Dungeon Crawl Stone Soup version 0.26.1-2-gb8aa6d0cf2 (webtiles) character file.

Game seed: 3037140260115871829

22 Descartes the Vexing (level 2, 0/16 HPs)
             Began as a Deep Elf Arcane Marksman on Feb 12, 2021.
             Slain by a worm (1 damage)
             ... on level 2 of the Dungeon.
             The game lasted 00:02:58 (1102 turns).

Descartes the Vexing (Deep Elf Arcane Marksman)     Turns: 1102, Time: 00:02:59

Health: 0/16       AC:  3    Str:  5    XL:     2   Next: 68%
Magic:  7/7        EV: 12    Int: 15    God:
Gold:   71         SH:  0    Dex: 15    Spells: 4/5 levels left

rFire    . . .     SeeInvis .   b - +0 dagger
rCold    . . .     Faith    .   (no shield)
rNeg     . . .     Spirit   .   p - +0 leather armour
rPois    +         Reflect  .   (helmet restricted)
rElec    .         Harm     .   (no cloak)
rCorr    .         Rampage  .   (no gloves)
Will     .....     Rnd*Rage +   (no boots)
Stlth    ++........             (no amulet)
HPRegen  0.05/turn              g - ring of poison resistance
MPRegen  0.10/turn              (no ring)

@: no status effects
A: horns 1, berserk 1, dopey 1, weak 1
a: no special abilities


You were on level 2 of the Dungeon.
You visited 1 branch of the dungeon, and saw 2 of its levels.

You collected 71 gold pieces.

Inventory:

Hand Weapons
 a - a +0 shortbow
 b - a +0 dagger (weapon)
Missiles
 c - 43 stones (quivered)
 d - 16 arrows
 q - a throwing net
Armour
 e - a +0 robe
 p - a +0 leather armour (worn)
Jewellery
 g - a ring of poison resistance (left hand)
Scrolls
 i - a scroll of enchant armour {unknown}
 m - a scroll of identify {unknown}
 n - a scroll of fog {unknown}
 o - a scroll of remove curse {unknown}
Potions
 j - a potion of heal wounds {unknown}
 k - a potion of haste {unknown}
 l - a potion of berserk rage {unknown}


   Skills:
 - Level 0.7 Fighting
 + Level 3.1 Bows
 + Level 2.8 Dodging
 + Level 1.2 Stealth
 + Level 2.1 Spellcasting
 + Level 4.3 Hexes


You had 4 spell levels left.
You knew the following spells:

 Your Spells              Type           Power        Failure   Level
a - Corona                Hex            15%          6%          1

Your spell library contained the following spells:

 Spells                   Type           Power        Failure   Level
 Slow                     Hex            14%          10%         2
 Inner Flame              Hex/Fire       8%           41%         3
 Portal Projectile        Hex/Tloc       16%          41%         3
 Cause Fear               Hex            7%           52%         4
 Leda's Liquefaction      Hex/Erth       4%           83%         4


Dungeon Overview and Level Annotations

Branches:
Dungeon (2/15)

Altars:


Innate Abilities, Weirdness & Mutations

You have a pair of small horns on your head.
You tend to lose your temper in combat.
You are dopey. (Int -2)
You are weak. (Str -2)


Message History

The worm closely misses you.
You hit the worm but do no damage.
The worm is moderately wounded.
Your leather armour prevents you from hitting the worm.
The worm is moderately wounded.
The worm completely misses you.
You hit the worm but do no damage.
The worm is moderately wounded.
You hit the worm.
The worm is moderately wounded.
The worm bites you!
Ouch! That really hurt!
* * * LOW HITPOINT WARNING * * *
You are too injured to fight recklessly!
You are too injured to fight recklessly!
It was a potion of mutation.
You feel extremely strange.
You feel a little pissed off.
You feel stupid.
You feel weaker. A pair of horns grows on your head!
It was a potion of cancellation.
You feel magically purged. The worm bites you.
You die...

#..............
#..............
#..............
+...$..........
#..............
#............#
#.....hh.....# #w#
#######@### ..........#
##############.#.#
#.........##..†#.#
.##.#..####.##.#.#.#
.##.#........#.###.#
.##.#...#....#...#.# #
.##.#...#.#.####.#.# ...
.##.#...#.#......#.#.....


You could see a worm and 2 jackals.

Vanquished Creatures
  2 dart slugs (D:1)
  A goblin (D:1)
  3 hobgoblins (D:1)
  4 jackals (D:1)
  A kobold (D:1)
  2 frilled lizards
  4 rats
17 creatures vanquished.

Notes
Turn   | Place    | Note
-------+----------+-------------------------------------------
     0 | D:1      | Descartes the Deep Elf Arcane Marksman began the quest for
                  | the Orb.
     0 | D:1      | Reached XP level 1. HP: 11/11 MP: 5/5
   232 | D:1      | Reached XP level 2. HP: 16/16 MP: 6/6
   287 | D:1      | Reached skill level 1 in Stealth
  1101 | D:2      | Gained mutation: You tend to lose your temper in combat.
                  | [potion of mutation]
  1101 | D:2      | Gained mutation: You are dopey. (Int -2) [potion of
                  | mutation]
  1101 | D:2      | Gained mutation: You are weak. (Str -2) [potion of
                  | mutation]
  1101 | D:2      | Gained mutation: You have a pair of small horns on your
                  | head. [potion of mutation]
  1102 | D:2      | Slain by a worm

Illustrated notes

Levels and vault maps discovered:
D:1:      scummos_arrival_checkerplants, layout_loops_cross
D:2:      layout_basic, nicolae_overflow_hidden_temple, uniq_natasha

Skill      XL: |  1  2 |
---------------+-------+-----
Bows           | 3 |  3.1
Stealth        | 1 |  1.2
Spellcasting   | 2 |  2.1
Fighting       | |  0.7
Dodging        | |  2.8
Hexes          | |  4.3

Action                   || total
-------------------------++-------
Melee: Dagger            ||    26
 Fire: Shortbow          ||    51
  Use: Potion            ||     2
Armor: Leather armour    ||    11
Dodge: Dodged            ||    27
